 Dungeon Crawl Stone Soup version 0.19-a0-1008-g4c63d25 (webtiles) character file.

644 AlphabetPasta the Ducker (level 7, -9/54 HPs)
             Began as a Deep Dwarf Transmuter on July 22, 2016.
             Was a Follower of Makhleb.
             Mangled by an ogre
             ... wielding a +0 giant club
              (26 damage)
             ... on level 5 of the Dungeon.
             The game lasted 00:27:26 (3150 turns).

AlphabetPasta the Ducker (Deep Dwarf Transmuter)    Turns: 3150, Time: 00:27:27

Health: -9/54      AC:  9    Str: 14    XL:     7   Next: 27%
Magic:  10/11      EV: 14    Int: 17    God:    Makhleb [*.....]
Gold:   243        SH:  0    Dex: 12    Spells: 5 memorised, 1 level left

rFire  . . .     SeeInvis .       - Unarmed
rCold  . . .     Gourm    .     b - +0 robe
rNeg   . . .     Faith    .     (no shield)
rPois  .         Spirit   .     (no helmet)
rElec  .         Dismiss  .     k - +1 cloak
rCorr  .         Reflect  .     m - +0 pair of gloves
SustAt .         Harm     .     (no boots)
MR     +....                    (no amulet)
Stlth  +.........               (no ring)
                                (no ring)

@: very slightly contaminated, non-regenerating, somewhat resistant to hostile
enchantments, very unstealthy
A: damage resistance, recharge devices, rough black scales 1, clever 1, frail 1,
sense surroundings 1, slow regeneration 3
a: Device Recharging, Renounce Religion


You were on level 5 of the Dungeon.
You worshipped Makhleb.
Makhleb was aware of your devotion.
You were hungry.

You visited 2 branches of the dungeon, and saw 6 of its levels.

You collected 243 gold pieces.

Inventory:

Missiles
 a - 146 arrows
 t - 21 bolts
Armour
 b - a +0 robe (worn)
 k - a +1 cloak (worn)
 m - a +0 pair of gloves (worn)
Magical Staves
 n - an uncursed staff of power
Wands
 d - a wand of heal wounds (0/9)
 q - a wand of flame (26/48)
 r - a wand of disintegration (2/24)
 w - a wand of lightning (6/15)
 x - a wand of digging (14/24)
Scrolls
 i - a scroll of magic mapping {unknown}
 j - 4 scrolls of remove curse
 o - a scroll of identify
Potions
 e - 2 potions of flight
 g - 2 potions of might
Books
 c - a book of Changes

   Spells                             Type                      Level
   a - Beastly Appendage              Transmutation                1
   b - Sticks to Snakes               Transmutation                2
   c - Spider Form                    Transmutation/Poison         3
   d - Ice Form                       Ice/Transmutation            4
   e - Blade Hands                    Transmutation                5
 h - a book of Misfortune

   Spells                             Type                      Level
   a - Confusing Touch                Hexes                        1
   b - Confuse                        Hexes                        3
   c - Gell's Gravitas                Hexes/Translocation          3
   d - Petrify                        Transmutation/Earth          4
   e - Metabolic Englaciation         Hexes/Ice                    5
   f - Yara's Violent Unravelling     Hexes/Transmutation          5
Comestibles
 f - 5 bread rations
 l - 5 fruits
 p - 6 chunks of flesh


   Skills:
 + Level 2.6 Fighting
 + Level 4.1 Dodging
 * Level 3.9 Unarmed Combat
 + Level 3.0 Spellcasting
 + Level 0.1 Hexes
 * Level 3.8 Transmutations
 + Level 3.6 Evocations


You had one spell level left.
You knew the following spells:

 Your Spells              Type           Power        Failure   Level  Hunger
a - Beastly Appendage     Tmut           ###...       3%          1    None
b - Sticks to Snakes      Tmut           ###.....     6%          2    ##.....
c - Spider Form           Tmut/Pois      #.........   24%         3    ###....
d - Ice Form              Ice/Tmut       #.......     82%         4    ####...
e - Confusing Touch       Hex            #.....       21%         1    None


Dungeon Overview and Level Annotations

Branches:
Dungeon (5/15)             Temple (1/1) D:5

Altars:
Ashenzari
Dithmenos
Gozag
Makhleb
Okawaru
Trog


Innate Abilities, Weirdness & Mutations

You are resistant to damage.
You can recharge devices by infusing magical energy.
You passively map a small area around you.
You do not regenerate naturally.
You are partially covered in rough black scales. (AC +4, Dex -1)
Your mind is acute. (Int +2)
You are frail. (-10% HP)


Message History

You barely miss the ogre.
The ogre is lightly wounded.
The ogre completely misses the centaur.
You strike the helpless ogre from behind!
You hit the ogre.
The ogre is moderately wounded.
The crimson imp blinks!
You barely miss the ogre.
The ogre is moderately wounded.
The ogre hits the centaur with a giant club!
You hit the ogre.
The ogre is moderately wounded.
The ogre seems less confused.
The crimson imp blinks!
The ogre closely misses you.
You hit the ogre.
The ogre is heavily wounded.
You hit the ogre.
The ogre is heavily wounded.
The ogre hits you with a giant club!!
You die...

### ** #.., #.#######
#.#...... * ####### #.#.#....
....)..#############.#<..#.(
....>..ยง(cO@................
.?.....###########.#.#......
.......+........")).........
....c..#####...###.#.#......
, ,,.......* #...#
#)#.#.####. ....... #...#
#.#.#.# #. ....... #...#
#.#.#.# #. #######* #...#
#.#.#.# ## * ##### #.#.# *


You could see an ogre and a centaur.

Vanquished Creatures
  Sigmund (D:4)
  Menkaure (D:4)
  A centaur (D:5)
  A scorpion (D:4)
  A giant frog zombie (D:5)
  An orc wizard (D:5)
  A worker ant (D:4)
  A hound skeleton (D:4)
  6 adders
  An adder zombie (D:5)
  2 worms (D:3)
  A dart slug (D:3)
  3 giant geckos
  9 orcs
  4 giant cockroaches
  6 goblins
  5 hobgoblins (D:1)
  4 jackals (D:2)
  9 kobolds
  2 quokkas
  2 ball pythons (D:3)
  8 bats
  A giant newt (D:3)
  5 rats
76 creatures vanquished.

Vanquished Creatures (collateral kills)
  A worm (D:2)
1 creature vanquished.

Grand Total: 77 creatures vanquished

Notes
Turn   | Place    | Note
-------+----------+-------------------------------------------
     0 | D:1      | AlphabetPasta the Deep Dwarf Transmuter began the quest for the Orb.
     0 | D:1      | Reached XP level 1. HP: 16/16 MP: 3/3
    47 | D:1      | Reached skill level 1 in Fighting
   115 | D:1      | Reached XP level 2. HP: 12/25 MP: 2/4
   443 | D:1      | Reached skill level 1 in Evocations
   693 | D:2      | Learned a level 2 spell: Sticks to Snakes
   712 | D:2      | Reached XP level 3. HP: 24/31 MP: 3/5
   746 | D:2      | Found a bloodstained altar of Trog.
  1265 | D:3      | Reached XP level 4. HP: 17/38 MP: 4/6
  1281 | D:3      | Learned a level 3 spell: Spider Form
  1476 | D:3      | Found a shattered altar of Ashenzari.
  2237 | D:3      | Found a burning altar of Makhleb.
  2245 | D:3      | Became a worshipper of Makhleb the Destroyer
  2277 | D:3      | Reached skill level 3 in Dodging
  2447 | D:4      | Reached XP level 5. HP: 21/45 MP: 8/8
  2529 | D:4      | Noticed Sigmund
  2531 | D:4      | Killed Sigmund
  2531 | D:4      | Reached XP level 6. HP: 25/52 MP: 8/10
  2532 | D:4      | Found an iron altar of Okawaru.
  2544 | D:4      | Noticed Menkaure
  2574 | D:4      | Killed Menkaure
  2685 | D:4      | Reached skill level 4 in Dodging
  2691 | D:4      | Learned a level 4 spell: Ice Form
  2691 | D:4      | Found an opulent altar of Gozag.
  2811 | D:5      | Entered Level 5 of the Dungeon
  2819 | D:5      | Learned a level 4 spell: Ice Form
  2820 | D:5      | Found a shadowy altar of Dithmenos.
  2846 | D:5      | Reached XP level 7. HP: 34/61 MP: 11/11
  2867 | D:5      | Found a staircase to the Ecumenical Temple.
  2926 | Temple   | Entered the Ecumenical Temple
  2927 | Temple   | Gained mutation: You are partially covered in rough black scales. (AC +4, Dex -1) [potion of mutation]
  2927 | Temple   | Gained mutation: You are frail. (-10% HP) [potion of mutation]
  2927 | Temple   | Gained mutation: Your mind is acute. (Int +2) [potion of mutation]
  2948 | D:5      | Learned a level 1 spell: Confusing Touch
  3020 | D:5      | Reached * piety under Makhleb
  3150 | D:5      | Mangled by an ogre

Vault maps used:
D:1:      dpeg_arrival_round_a
D:2:      lemuel_round_altar, first_bread
D:3:      marbit_many_paths, cheibrodos_ashenzari_chains
D:4:      lemuel_round_altar, okawaru_ov_weapons_minmay, uniq_menkaure,
          uniq_sigmund
D:5:      nicolae_overflow_hidden_temple, kennysheep_slug_shrine
Temple:   nicolae_temple_figure_zero

Skill      XL: |  1  2  3  4  5  6  7 |
---------------+----------------------+-----
Fighting       | 1 2 |  2.6
Transmutations | 2 3 |  3.8
Evocations     | 1 2 3 |  3.6
Unarmed Combat | 3 |  3.9
Spellcasting   | 2 3 |  3.0
Dodging        | 3 4 |  4.1
Hexes          | |  0.1

Action                   |  1- 3 |  4- 6 |  7- 9 || total
-------------------------+-------+-------+-------++-------
Melee: Unarmed           |   200 |   152 |   118 ||   470
       Kick              |    27 |    28 |    20 ||    75
       Headbutt          |     7 |     9 |     2 ||    18
       Punch             |     1 |     3 |     2 ||     6
 Cast: Beastly Appendage |    26 |    18 |     6 ||    50
       Sticks to Snakes  |     1 |       |       ||     1
       Confusing Touch   |       |       |     7 ||     7
Evoke: Wand              |     1 |    10 |       ||    11
  Use: Scroll            |       |     8 |       ||     8
       Potion            |       |       |     4 ||     4
 Stab: Sleeping          |       |     1 |       ||     1
       Confused          |       |       |     3 ||     3
  Eat: Chunk             |     2 |     1 |     1 ||     4
       Bread ration      |       |     1 |       ||     1
Armor: Robe              |    53 |    16 |    28 ||    97
Dodge: Dodged            |   145 |    99 |    71 ||   315
